Map: Ewiger Traum LE

Players

BesserAlsDu

  • Race: Terran Terran
  • Spawn Location: 1:00

rorschach - Winner!

  • Race: Terran Terran
  • Spawn Location: 7:00

VOD

Have the link to the VOD?

Description

Time

  • Played on: May 21, 2020, 3:09 a.m.
  • Length: 9:31
Show
View Real Time Build Order
Export as new Build Order

BesserAlsDu Terran 

Build Orders:  

Get SALT Encoding   

  12  0:10  Supply Depot  
  12  0:13  SCV  
  13  0:25  SCV  
  14  0:38  SCV  
  15  0:46  Supply Depot  
  15  0:56  SCV  
  16  1:08  SCV, Refinery  
  17  1:12  Supply Depot  
  17  1:20  SCV  
  18  1:28  Barracks  
  18  1:30  Barracks  
  19  1:32  SCV  
  19  1:40  Refinery  
  19  1:45  SCV  
  20  1:53  Engineering Bay  
  20  1:57  SCV  
  21  2:09  SCV  
  22  2:22  Barracks Reactor  
  22  2:24  Barracks Reactor  
  22  2:31  Orbital Command  
  22  3:04  Reaper x3  
  22  3:05  Reaper  
  26  3:13  SCV  
  26  3:19  Terran Infantry Weapons Level 1  
  27  3:25  SCV, Command Center  
  28  3:38  SCV  
  29  3:51  Reaper x2  
  29  3:52  Reaper  
  32  4:04  Command Center  
  28  4:40  Marine x3  
  28  4:41  Marine  
  32  4:51  Refinery  
  32  4:52  Orbital Command, Refinery  
  32  4:58  Marine x4  
  29  5:36  SCV  
  29  5:40  Orbital Command  
  30  5:47  Refinery  
  30  5:48  SCV  
  31  5:55  Missile Turret  
  31  6:00  SCV  
  31  6:02  Marine x4  
  36  6:12  SCV  
  36  6:14  Refinery  
  37  6:24  SCV, Factory  
  38  6:28  Marine x3  
  38  6:29  Marine  
  28  6:56  Marine x4  
  26  7:09  Factory  
  26  7:14  Marine x2  
  28  7:17  Supply Depot  
  27  7:31  Factory Reactor  
  25  7:54  Marine x3  
  25  7:55  Marine  
  13  8:14  SCV  
  13  8:17  SCV  
  15  8:20  Marine x4  
  15  8:26  SCV  
  20  8:29  SCV  
  21  8:38  SCV, Marine x3  
  21  8:41  SCV  
  26  8:50  SCV  
  26  8:53  SCV  
  26  8:55  Marine  
  27  9:05  SCV  
  28  9:16  SCV  
  29  9:17  SCV  
Show
View Real Time Build Order
Export as new Build Order

rorschach Terran - Winner!

Build Orders:  

Get SALT Encoding   

  12  0:01  SCV  
  13  0:16  SCV  
  13  0:21  Supply Depot  
  14  0:28  SCV  
  15  0:42  SCV  
  16  0:47  Barracks  
  16  0:52  Refinery  
  16  1:05  SCV  
  17  1:11  Supply Depot  
  17  1:17  SCV  
  18  1:26  Refinery  
  18  1:29  SCV  
  19  1:48  Command Center  
  19  1:54  Orbital Command  
  19  2:01  Barracks Reactor  
  19  2:14  Factory  
  19  2:27  Engineering Bay  
  19  2:39  SCV  
  19  2:43  Marine x2  
  22  2:51  SCV  
  23  2:59  Starport  
  23  3:01  Factory Tech Lab  
  23  3:13  Marine x2  
  23  3:16  Orbital Command  
  25  3:26  Siege Tank  
  28  3:31  Marine  
  28  3:33  Marine  
  30  3:40  Medivac  
  32  3:49  SCV x2  
  32  3:52  Marine x2  
  36  4:05  Siege Tank  
  36  4:07  SCV  
  36  4:09  Marine x2  
  42  4:26  Starport Reactor  
  42  4:27  Marine x2  
  43  4:45  Marine  
  44  4:46  Marine  
  44  4:50  SCV  
  46  5:19  Marine  
  46  5:20  SCV  
  46  5:21  Siege Tank, Marine  
  44  5:37  Marine  
  44  5:39  Marine  
  44  5:43  Medivac  
  44  5:46  SCV x2  
  48  5:50  Engineering Bay  
  48  5:54  Marine  
  48  5:56  Supply Depot x2  
  49  5:57  Marine  
  49  6:12  Marine  
  49  6:15  Marine  
  51  6:23  Armory  
  51  6:26  Siege Tank  
  51  6:27  Medivac, Viking  
  51  6:30  Marine  
  59  6:32  Marine  
  57  6:48  Marine  
  57  6:50  Marine  
  52  7:06  Marine  
  52  7:08  Marine  
  50  7:23  Marine  
  50  7:26  Marine  
  45  8:01  Marine x2  
  45  8:02  Siege Tank  
  50  8:13  SCV x2  
  50  8:19  Marine x2  
  52  8:22  Refinery  
  52  8:24  Refinery  
  52  8:25  SCV  
  52  8:26  Command Center  
  56  8:34  Siege Tank  
  54  8:55  Marine x2  
  55  9:01  SCV x2  
Tags
 
Matchup
TvT
Race
Terran
Spawn Locations
Cross Positions
Add a new tag
Caveats
  • Supply blocks, unpowered buildings, or Contaminate may cause inaccurate times.
  • Supply counts are checked every 10 seconds.